 Dungeon Crawl Stone Soup version 0.28.0-53-g5a82cb258f (webtiles) character file.

Game seed: 17488164589147587395

4 cbfl8 the Caller (level 1, 0/13 HPs)
             Began as a Merfolk Summoner on July 27, 2022.
             Slain by a quokka (3 damage)
             ... on level 1 of the Dungeon.
             The game lasted 00:00:50 (311 turns).

cbfl8 the Caller (Merfolk Summoner)                  Turns: 311, Time: 00:00:51

Health: 0/13       AC:  2    Str:  8    XL:     1   Next: 70%
Magic:  0/3        EV: 12    Int: 14    God:
Gold:   23         SH:  0    Dex: 14    Spells: 3/4 levels left

rFire   . . .      SeeInvis .   (no weapon)
rCold   . . .      Faith    .   (no shield)
rNeg    . . .      Spirit   .   a - +0 robe
rPois   .          Reflect  .   (no helmet)
rElec   .          Harm     .   (no cloak)
rCorr   .          Rampage  .   (no gloves)
Will    .....                   (no boots)
Stlth   ++........              (no amulet)
HPRegen 0.04/turn               (no ring)
MPRegen 0.08/turn               (no ring)

@: no status effects
A: (nimble swimmer 2), mertail
a: no special abilities


You were on level 1 of the Dungeon.
You visited 1 branch of the dungeon, and saw 1 of its levels.

You collected 23 gold pieces.

Inventory:

Armour
 a - a +0 robe (worn)


   Skills:
 + Level 2.6 Dodging
 + Level 2.1 Stealth
 + Level 2.0 Spellcasting
 + Level 4.2 Summonings


You had 3 spell levels left.
You knew the following spells:

 Your Spells              Type           Power      Damage    Failure   Level
a - Summon Small Mammal   Summ           52%        N/A       4%          1

Your spell library contained the following spells:

 Spells                   Type           Power      Damage    Failure   Level
 Call Imp                 Summ           13%        N/A       6%          2
 Call Canine Familiar     Summ           13%        N/A       12%         3
 Summon Guardian Golem    Hex/Summ       7%         N/A       30%         3
 Summon Lightning Spire   Summ/Air       7%         N/A       69%         4


Dungeon Overview and Level Annotations

Branches:
Dungeon (1/15)

Altars:

Shops:
D:1 [


Innate Abilities, Weirdness & Mutations

((You are very nimble when in or above water. (Stealth+, EV+, Speed+++)))
Your lower body shifts to a powerful aquatic tail in water.


Message History

You barely miss the jackal.
The jackal is moderately wounded.
The jackal bites you.
Your quokka bites the jackal but does no damage.
Your rat closely misses the jackal.
The quokka bites you.
Your quokka bites the jackal.
Casting: Summon Small Mammal (safe; 4% risk of failure)
Press: ? - help, Q - select action Dir - look around, f - activate Your rat disappears in a puff of smoke!
The jackal closely misses your rat. The jackal bites your quokka.
The quokka barely misses you.
Your quokka bites the jackal.
The jackal dies!
The jackal bites your rat. The jackal closely misses you.
The jackal misses your rat.
The jackal bites your rat but does no damage.
The quokka bites you but does no damage.
Your rat barely misses the jackal.
The jackal barely misses your rat.
Your quokka bites the jackal.
The jackal dies!
The quokka misses your rat.
The jackal bites your rat but does no damage.
Your rat bites the jackal but does no damage.
The jackal misses you. The jackal bites your rat.
Your rat dies!
Your rat's corpse disappears in a puff of smoke!
The jackal barely misses you.
You don't have enough magic to cast this spell.
You don't have enough magic to cast this spell.
Sorry, you're not good enough to have a special ability.
The jackal bites you but does no damage.
You hit the jackal but do no damage.
The jackal is heavily wounded.
The quokka bites you.
* * * LOW HITPOINT WARNING * * *
Your quokka bites the quokka but does no damage.
The jackal bites you but does no damage.
You barely miss the jackal.
The jackal is heavily wounded.
The quokka bites you.
You die...

#≈#......P..≈#
#.≈....P.....# #....
##.P.≈≈....≈#
#.##...##
###..P...≈.#
#.......#
####.....P.##
#.#......
......≈..###
#........
.##......##
#........ ###...rr##
#.##..... ###@hh.##
#......#. #
####...####.......#
..#.
##..††.......#..
.....
##.............
#....##..........##.
#......#.########
#.....÷÷..#
.........#..#
###......##.#


You could see a quokka (ally target), 2 jackals and a friendly quokka
(summoned).

Vanquished Creatures
  A ball python (D:1)
1 creature vanquished.

Vanquished Creatures (collateral kills)
  2 jackals (D:1)
  A rat (D:1)
3 creatures vanquished.

Grand Total: 4 creatures vanquished

Notes
Turn   | Place    | Note
-------+----------+-------------------------------------------
     0 | D:1      | cbfl8 the Merfolk Summoner began the quest for the Orb.
     0 | D:1      | Reached XP level 1. HP: 13/13 MP: 3/3
   284 | D:1      | Found Zoips's Antique Armour Shop.
   311 | D:1      | Slain by a quokka

Illustrated notes

Levels and vault maps discovered:
D:1:      lemuel_arrival_muddy, layout_rooms, serial_shops, shop,
          minmay_tiny_reverse_x

Action                   || total
-------------------------++-------
Melee: Unarmed           ||    12
 Cast: Summon Small Mamm ||     5
Armor: Robe              ||     9
Dodge: Dodged            ||    13
